 Dungeon Crawl Stone Soup version 0.25.1-8-g42b30a86e7 (webtiles) character file.

Game seed: 4148131130545905465

131 KamiKatze the Sneak (level 4, -3/23 HPs)
             Began as a Spriggan Assassin on Dec 19, 2020.
             Slain by a river rat (7 damage)
             ... in a sewer.
             The game lasted 00:11:17 (2431 turns).

KamiKatze the Sneak (Spriggan Assassin)             Turns: 2431, Time: 00:11:18

Health: -3/23      AC:  3    Str:  7    XL:     4   Next: 91%
Magic:  5/5        EV: 14    Int:  9    God:
Gold:   80         SH:  0    Dex: 17    Spells: 3/3 levels left

rFire    . . .     SeeInvis +   a - +2 dagger
rCold    . . .     Gourm    .   (shield restricted)
rNeg     . . .     Faith    .   b - +0 robe
rPois    .         Spirit   .   (helmet restricted)
rElec    .         Reflect  .   c - +0 cloak
rCorr    .         Harm     .   (gloves unavailable)
MR       .....                  (boots unavailable)
Stlth    +++.......             g - amulet of the acrobat
HPRegen  0.07/turn              r - -4 ring of intelligence (curse)
MPRegen  0.09/turn              v - -4 ring of evasion (curse)

@: very quick
A: very small, unfitting armour, see invisible, herbivore, speed 3, slow
metabolism 2
a: no special abilities


You were in a sewer.
You were not hungry.

You visited 1 branch of the dungeon, and saw 3 of its levels.
You also visited: Sewer.

You collected 80 gold pieces.

Inventory:

Hand Weapons
 a - a +2 dagger (weapon)
 o - a +0 short sword
Missiles
 d - 21 poisoned darts (quivered)
 e - 2 curare-tipped darts
 p - 5 atropa-tipped darts
 t - 19 stones
 u - 15 arrows
Armour
 b - a +0 robe (worn)
 c - a +0 cloak (worn)
Jewellery
 g - an amulet of the acrobat (around neck)
 j - a +6 ring of dexterity {unknown}
 r - a cursed -4 ring of intelligence (left hand)
 v - a cursed -4 ring of evasion (right hand)
Scrolls
 i - a scroll of identify
 k - a scroll of amnesia {unknown}
 s - a scroll of fog {unknown}
Potions
 h - a potion of mutation {unknown}
 m - a potion of invisibility {unknown}
 q - 2 potions of curing
Comestibles
 f - 5 rations


   Skills:
 + Level 2.1 Fighting
 * Level 3.8 Short Blades
 + Level 2.6 Throwing
 + Level 3.2 Dodging
 + Level 6.5 Stealth


You had 3 spell levels left.
You didn't know any spells.
Your spell library was empty.

Dungeon Overview and Level Annotations

Branches:
Dungeon (3/15)              Sewer (1/1)

Altars:
Nemelex Xobeh
Ru
Uskayaw
Yredelemnul


Innate Abilities, Weirdness & Mutations

You are very small and have problems with some larger weapons.
You are too small for most types of armour.
You have supernaturally acute eyesight. (SInv)
You are a herbivore.
You cover ground extremely quickly.
You need to consume almost no food.


Message History

The rat is severely wounded.
The rat closely misses you.
You hit the rat.
You kill the rat!
The rat completely misses you.
You hit the rat.
You kill the rat!
The rat barely misses you.
Things that are here:
a rat corpse x2
You hit the rat.
You kill the rat!
Things that are here:
a rat corpse x2
You hit the river rat but do no damage. The river rat bites you!
You hit the river rat but do no damage. You hit the river rat but do no damage.
The river rat bites you!
* * * LOW HITPOINT WARNING * * *
You barely miss the river rat. The river rat bites you!
You die...

#≈#
#≈#
#≈#
#.#
#.#
#.#
#.#
#†#
#@#
#r#
#.#
#∩#
#.#
#.#
#.#
#.#
###


You could see a river rat.

Vanquished Creatures
  A hound (D:2)
  A centaur skeleton (D:2)
  3 adders (D:2)
  An ooze (D:1)
  A worm (D:2)
  A dart slug (D:2)
  An orc (D:3)
  2 giant cockroaches (D:1)
  4 goblins
  5 hobgoblins
  A ball python (D:2)
  7 bats
  2 frilled lizards (D:1)
  3 kobolds
  10 rats
43 creatures vanquished.

Notes
Turn   | Place    | Note
-------+----------+-------------------------------------------
     0 | D:1      | KamiKatze the Spriggan Assassin began the quest for the
                  | Orb.
     0 | D:1      | Reached XP level 1. HP: 10/10 MP: 2/2
   148 | D:1      | Reached skill level 6 in Stealth
   148 | D:1      | Reached XP level 2. HP: 11/15 MP: 3/3
   757 | D:2      | Reached XP level 3. HP: 18/18 MP: 4/4
  1336 | D:2      | Reached XP level 4. HP: 23/23 MP: 5/5
  1344 | D:2      | Found a sacrificial altar of Ru.
  1346 | D:2      | Found a sparkling altar of Nemelex Xobeh.
  2209 | D:3      | Found a hide-covered altar of Uskayaw.
  2210 | D:3      | Found a basalt altar of Yredelemnul.
  2397 | D:3      | Found a glowing drain.
  2407 | Sewer    | Entered a sewer
  2431 | Sewer    | Slain by a river rat

Illustrated notes

Levels and vault maps discovered:
D:1:      mrwooster_arrival_arrow, layout_basic, chequers_arboretum,
          bh_walls_and_bars
D:2:      layout_basic, nicolae_overflow_hidden_temple, serial_forest,
          infiniplex_forest_pool, infiniplex_forest_3_way,
          infiniplex_forest_end_2, infiniplex_forest_clump_diagonal,
          infiniplex_forest_lined_room_2, infiniplex_forest_lined_3_way,
          infiniplex_forest_straight_2, infiniplex_forest_lined_room_3
D:3:      layout_basic, gammafunk_temple_overflow_pools,
          cheibrodos_sewer_entry_sluice, first_ration
Sewer:    sewer_kobolds

Skill      XL: |  1  2  3  4 |
---------------+-------------+-----
Stealth        | 6 |  6.5
Dodging        | 2 3 |  3.2
Short Blades   | 3 |  3.8
Fighting       | 2 |  2.1
Throwing       | |  2.6

Action                   |  1- 3 |  4- 6 || total
-------------------------+-------+-------++-------
Melee: Dagger            |   101 |    53 ||   154
Throw: Dart              |       |     3 ||     3
  Use: Scroll            |       |     5 ||     5
 Stab: Sleeping          |    11 |     3 ||    14
Armor: Robe              |    16 |     9 ||    25
Dodge: Dodged            |    67 |    70 ||   137
